 Dungeon Crawl Stone Soup version 0.31.0-11-ge490571c62 (webtiles) character file.

Game seed: 14790419568508284917

443 qw the Skirmisher (level 6, -4/35 HPs)
             Began as a Deep Elf Hunter on Feb 4, 2024.
             Incinerated by a bombardier beetle (6 damage)
             ... with a burning spray
             ... on level 4 of the Dungeon.
             The game lasted 00:00:11 (2764 turns).

qw the Skirmisher (Deep Elf Hunter)                 Turns: 2764, Time: 00:00:12

Health: -4/35      AC:  9    Str: 10    XL:     6   Next: 71%
Magic:  8/8        EV: 16    Int: 14    God:
Gold:   123        SH:  0    Dex: 18    Spells: 5/5 levels left

rFire   . . .        a - +2 shortbow
rCold   . . .        (shield currently unavailable)
rNeg    + . .        m - +0 ring mail
rPois   .            d - +0 helmet
rElec   .            (no cloak)
rCorr   .            b - +2 pair of gloves
SInv    .            (no boots)
Will    .....        (no amulet)
Stlth   +            j - +5 ring of evasion
HPRegen 0.25/turn    l - ring of positive energy
MPRegen 0.11/turn

%: no passive effects
@: on fire, glowing
A: no striking features
a: no special abilities


You were on level 4 of the Dungeon.
You visited 1 branch of the dungeon, and saw 4 of its levels.

You collected 123 gold pieces.


   Skills:
 - Level 2.0 Fighting
 - Level 10.3 Ranged Weapons
 + Level 0.9 Armour
 - Level 2.4 Dodging
 - Level 1.2 Stealth


You had 5 spell levels left.
You didn't know any spells.
Your spell library was empty.

Inventory:

Hand Weapons
 a - a +2 shortbow (weapon)
Armour
 b - a +2 pair of gloves (worn)
 d - a +0 helmet (worn)
 f - a +0 cloak
 m - a +0 ring mail (worn)
Jewellery
 c - an amulet of the acrobat
 j - a +5 ring of evasion (left hand)
 l - a ring of positive energy (right hand)
Scrolls
 e - a scroll of teleportation
Potions
 g - 2 potions of enlightenment
 n - a potion of curing

Dungeon Overview and Level Annotations

Branches:
Dungeon (4/15)
 Temple: D:4-7

Altars:


Message History

You shoot an arrow.
The arrow hits the bombardier beetle but does no damage.
The bombardier beetle is moderately wounded.
You shoot an arrow.
The arrow barely misses the bombardier beetle.
You shoot an arrow. The arrow hits the bombardier beetle!
The bombardier beetle is severely wounded.
You shoot an arrow.
The arrow hits the bombardier beetle but does no damage.
The bombardier beetle is severely wounded.
The bombardier beetle sprays incendiary fluid at you.
The burning spray hits you.
You are covered in liquid fire!
You shoot an arrow.
The arrow hits the bombardier beetle but does no damage.
The bombardier beetle is severely wounded.
The liquid fire burns you!
You shoot an arrow. The arrow hits the bombardier beetle.
The bombardier beetle is severely wounded.
The liquid fire burns you!
You shoot an arrow. The arrow hits the bombardier beetle.
The bombardier beetle is almost dead.
The liquid fire burns you!
You shoot an arrow.
The arrow barely misses the bombardier beetle.
The liquid fire burns you!
You shoot an arrow. The arrow hits the bombardier beetle.
You kill the bombardier beetle!
The liquid fire burns you!
You are on fire!
The liquid fire burns you!
You are on fire!
The liquid fire burns you!
You are on fire!
The liquid fire burns you!
You are on fire!
The liquid fire burns you!
You are on fire!
The liquid fire burns you!
You die...

.....................<.#
.......................#
....##..%###'###########
....#######...#.........
##### . +...#.........
....##.. #...#.......[.
........ #...#.........
....##.. ######...%.....
....######......@#
.....#...#.......#
.....+...#.......#
....##...#.......#
....##...#.......#
.........#.......#
.........#.......#
.........#.......#
....###'##.......#


There were no monsters in sight!

Vanquished Creatures
  Grinder (D:4)
  A bombardier beetle (D:4)
  A hound (D:4)
  An iguana (D:4)
  An orc priest (D:3)
  An adder (D:3)
  4 gnolls (D:2)
  A dart slug (D:3)
  A ribbon worm (D:2)
  6 orcs (D:3)
  7 ball pythons
  4 bats
  5 endoplasms
  A giant cockroach (D:1)
  7 hobgoblins
  2 kobolds (D:1)
  2 quokkas
  5 frilled lizards
  7 goblins
  8 rats
66 creatures vanquished.

Notes
Turn   | Place    | Note
-------+----------+-------------------------------------------
     0 | D:1      | qw the Deep Elf Hunter began the quest for the Orb.
     0 | D:1      | Reached XP level 1. HP: 12/12 MP: 3/3
     0 | D:1      | 0 ||| qw: Version: 0.3-a-160-g6735b56
     0 | D:1      | 0 ||| qw: Game counter: 4481
     0 | D:1      | 0 ||| qw: Melee chars always use a shield: true
     0 | D:1      | 0 ||| qw: God list: Okawaru
     0 | D:1      | 0 ||| qw: Allow faded altars: false
     0 | D:1      | 0 ||| qw: Do Orc after clearing Dungeon:15 true
     0 | D:1      | 0 ||| qw: Do second Lair branch before Depths: true
     0 | D:1      | 0 ||| qw: Lair rune preference: random
     0 | D:1      | 0 ||| qw: Goals: Normal
     0 | D:1      | 0 ||| PLANNING D:1-11
     3 | D:1      | Noticed an electric eel
     4 | D:1      | Noticed an electric eel
   185 | D:1      | Reached XP level 2. HP: 16/16 MP: 4/4
   187 | D:1      | Reached skill level 6 in Ranged Weapons
   699 | D:1      | 699 ||| UPGRADING to +0 helmet.
   704 | D:1      | 704 ||| READING scroll labelled KACSAE WIFOBB.
   805 | D:1      | 805 ||| READING scroll labelled HUQENE KEUGGA.
   805 | D:1      | 805 ||| IDENTIFYING bubbling red potion
   806 | D:1      | 806 ||| READING scroll labelled ZOPSI QE SAVAO.
   807 | D:1      | 807 ||| DROPPING scroll of butterflies.
  1036 | D:2      | Found the +18 Lear's hauberk
  1072 | D:2      | Reached XP level 3. HP: 20/20 MP: 5/5
  1465 | D:2      | Reached skill level 7 in Ranged Weapons
  1474 | D:2      | Reached XP level 4. HP: 13/25 MP: 6/6
  1708 | D:2      | 1708 ||| UPGRADING to +0 ring mail.
  1718 | D:2      | 1718 ||| DROPPING +0 leather armour.
  1719 | D:2      | 1719 ||| UPGRADING to +5 ring of evasion.
  1720 | D:2      | 1720 ||| UPGRADING to ring of positive energy.
  1721 | D:2      | 1721 ||| READING 2 scrolls of identify.
  1721 | D:2      | 1721 ||| IDENTIFYING red potion
  1722 | D:2      | 1722 ||| READING scroll of identify.
  1722 | D:2      | 1722 ||| IDENTIFYING 2 smoky emerald potions
  1723 | D:2      | 1723 ||| READING scroll labelled LIVOAKA PADOK.
  1724 | D:2      | 1724 ||| READING scroll labelled HAUHAZ REITT.
  1728 | D:2      | 1728 ||| READING scroll labelled LAAF URUTHIT.
  1728 | D:2      | 1728 ||| ENCHANTING +0 shortbow.
  1729 | D:2      | 1729 ||| READING scroll labelled MOCVEYTW LAOFY.
  1830 | D:2      | 1830 ||| DROPPING 2 potions of ambrosia.
  1955 | D:3      | Reached skill level 8 in Ranged Weapons
  1961 | D:3      | HP: 5/25 [orc/+0 hand axe (2)]
  2213 | D:3      | Reached XP level 5. HP: 29/29 MP: 7/7
  2242 | D:3      | 2242 ||| READING scroll of enchant weapon.
  2242 | D:3      | 2242 ||| ENCHANTING +1 shortbow.
  2506 | D:3      | 2506 ||| UPGRADING to +2 pair of gloves.
  2642 | D:4      | Noticed Grinder
  2647 | D:4      | Paralysed by Grinder for 2 turns
  2653 | D:4      | 2653 ||| FLEEEEING.
  2654 | D:4      | 2654 ||| FLEEEEING.
  2655 | D:4      | 2655 ||| FLEEEEING.
  2656 | D:4      | 2656 ||| FLEEEEING.
  2669 | D:4      | 2669 ||| FLEEEEING.
  2670 | D:4      | 2670 ||| FLEEEEING.
  2671 | D:4      | 2671 ||| FLEEEEING.
  2672 | D:4      | 2672 ||| FLEEEEING.
  2673 | D:4      | 2673 ||| FLEEEEING.
  2674 | D:4      | 2674 ||| FLEEEEING.
  2675 | D:4      | 2675 ||| FLEEEEING.
  2676 | D:4      | 2676 ||| FLEEEEING.
  2677 | D:4      | 2677 ||| FLEEEEING.
  2678 | D:4      | 2678 ||| FLEEEEING.
  2679 | D:4      | 2679 ||| FLEEEEING.
  2680 | D:4      | 2680 ||| FLEEEEING.
  2681 | D:4      | 2681 ||| FLEEEEING.
  2682 | D:4      | 2682 ||| FLEEEEING.
  2683 | D:4      | 2683 ||| FLEEEEING.
  2684 | D:4      | 2684 ||| FLEEEEING.
  2685 | D:4      | 2685 ||| FLEEEEING.
  2686 | D:4      | 2686 ||| FLEEEEING.
  2687 | D:4      | 2687 ||| FLEEEEING.
  2688 | D:4      | 2688 ||| FLEEEEING.
  2689 | D:4      | 2689 ||| FLEEEEING.
  2690 | D:4      | 2690 ||| FLEEEEING.
  2703 | D:4      | Killed Grinder
  2704 | D:4      | Reached skill level 10 in Ranged Weapons
  2704 | D:4      | Reached XP level 6. HP: 33/34 MP: 8/8
  2761 | D:4      | HP: 8/35 [burnt (3)]
  2763 | D:4      | HP: 2/35 [burnt (3)]
  2764 | D:4      | Incinerated by a bombardier beetle

Levels and vault maps discovered:
D:1:      arrival_aquarium_b, layout_basic, minmay_pentomino_x4
D:2:      layout_loops_corners, chequers_avenue
D:3:      layout_loops_ring
D:4:      layout_gridville, uniq_grinder

Skill      XL: |  1  2  3  4  5  6 |
---------------+-------------------+-----
Ranged Weapons | 6 7 8 10 | 10.3
Fighting       | 2 |  2.0
Armour         | |  0.9
Dodging        | |  2.4
Stealth        | |  1.2

Action                     |  1- 3 |  4- 6 || total
---------------------------+-------+-------++-------
   Fire: Shortbow          |    85 |   112 ||   197
    Use: Scroll            |     3 |     7 ||    10
 Armour: Leather armour    |    13 |       ||    13
         Ring mail         |       |    18 ||    18
  Dodge: Dodged            |     8 |    29 ||    37

Table legend:
 A = Non-vault XP
 B = Vault XP
 C = Vault XP percentage of total XP
 D = Non-vault monster count
 E = Vault monster count
 F = Vault count percentage of total count
                 A         B        C        D         E       F
            +---------+---------+-------+---------+---------+-------
      Total |     338 |     295 |  46.6 |      62 |       4 |   6.1
            +---------+---------+-------+---------+---------+-------
        D:1 |      32 |       5 |  13.5 |      21 |       3 |  12.5
        D:2 |      71 |       0 |   0.0 |      12 |       0 |   0.0
        D:3 |      98 |       0 |   0.0 |      23 |       0 |   0.0
        D:4 |     137 |     290 |  67.9 |       6 |       1 |  14.3
            +---------+---------+-------+---------+---------+-------
